 Dungeon Crawl Stone Soup version 0.30-a0-373-gd37427bb62 (webtiles) character file.

Game seed: 941839433999422708

332 Shayle the Chopper (level 6, -4/47 HPs)
             Began as a Demonspawn Reaver on Nov 24, 2022.
             Succumbed to Eustachio's poison
             ... on level 5 of the Dungeon.
             The game lasted 00:11:21 (4216 turns).

Shayle the Chopper (Demonspawn Reaver)              Turns: 4216, Time: 00:11:21

Health: -4/47      AC:  4    Str: 13      XL:     6   Next: 26%
Magic:  9/9        EV: 11    Int: 16      God:
Gold:   188        SH:  9    Dex: 10 (11) Spells: 5/9 levels left

rFire   . . .      SeeInvis .    y - +0 broad axe
rCold   . . .      Faith    .    r - +0 buckler
rNeg    . . .      Spirit   .    b - +0 leather armour
rPois   .          Reflect  .    k - +1 hat
rElec   .          Harm     .    (no cloak)
rCorr   .          Rampage  .    (no gloves)
Will    .....                    (no boots)
Stlth   ++........               (no amulet)
HPRegen 0.27/turn                (no ring)
MPRegen 0.11/turn                (no ring)

@: lethally poisoned (-4 -> -19)
A: horns 1, large bone plates 2
a: no special abilities


You were on level 5 of the Dungeon.
You visited 1 branch of the dungeon, and saw 5 of its levels.

You collected 188 gold pieces.

Inventory:

Hand Weapons
 a - a +0 hand axe
 e - a +1 flail of holy wrath
 q - a +1 dagger of venom
 y - a +0 broad axe (weapon)
Armour
 b - a +0 leather armour (worn)
 h - a +0 kite shield
 k - a +1 hat (worn)
 r - a +0 buckler (worn)
Scrolls
 c - a scroll of enchant armour {unknown}
 d - a scroll of poison
 f - a scroll of vulnerability
 g - a scroll of butterflies
Potions
 i - a potion of haste
 j - a potion of cancellation {unknown}
 l - 2 potions of mutation
 m - a potion of lignification {unknown}
 n - a potion of flight {unknown}
 o - a potion of ambrosia {unknown}
 p - 2 potions of attraction
 v - a potion of invisibility {unknown}


   Skills:
 + Level 3.5 Fighting
 + Level 3.7 Axes
 + Level 3.1 Dodging
 + Level 2.6 Stealth
 - Level 2.0 Spellcasting
 + Level 3.5 Conjurations
 + Level 1.1 Ice Magic


You had 5 spell levels left.
You knew the following spells:

 Your Spells              Type           Power      Damage    Failure   Level
a - Kiss of Death         Conj/Necr      28%        2d7       19%         1
b - Hailstorm             Conj/Ice       9%         3d4       38%         3

Your spell library contained the following spells:

 Spells                   Type           Power      Damage    Failure   Level
 Magic Dart               Conj           48%        1d5       9%          1
 Momentum Strike          Conj/Tloc      14%        3d8       26%         2
 Call Imp                 Summ           1%         N/A       50%         2
 Mephitic Cloud           Conj/Pois/Air  5%         N/A       56%         3
 Ozocubu's Armour         Ice            5%         N/A       56%         3
 Metabolic Englaciation   Hex/Ice        1%         N/A       100%        5
 Simulacrum               Ice/Necr       1%         N/A       100%        6


Dungeon Overview and Level Annotations

Branches:
Dungeon (5/15)             Temple (0/1) D:4

Altars:
Makhleb
Vehumet
Yredelemnul

Shops:
D:3 (

Annotations:
D:5 Eustachio


Innate Abilities, Weirdness & Mutations

You have a pair of small horns on your head.
You are mostly covered in large bone plates. (SH +6)


Message History

The quasit claws you.
You feel clumsy. The quasit claws you. The shadow imp hits you.
Eustachio hits you with a +2 rapier of venom.
You are more poisoned.
You closely miss Eustachio. Your headbutt misses Eustachio.
Eustachio is moderately wounded.
You hit the shadow imp but do no damage.
You miss the quasit.
You feel very sick. The quasit barely misses you.
The quasit closely misses you. You block the quasit's attack.
The shadow imp hits you.
* * * LOW HITPOINT WARNING * * *
Eustachio closely misses you. You block the quasit's attack.
The quasit claws you but does no damage.
The quasit misses you. The shadow imp hits you.
* * * LOW HITPOINT WARNING * * *
Eustachio hits you with a +2 rapier of venom.
* * * LOW HITPOINT WARNING * * *
You are more poisoned.
You barely miss Eustachio.
Eustachio is moderately wounded.
You closely miss the shadow imp. You hit the quasit.
* * * LOW HITPOINT WARNING * * *
You feel extremely sick. The quasit bites you.
* * * LOW HITPOINT WARNING * * *
The quasit claws you but does no damage.
You block the quasit's attack.
The shadow imp hits you but does no damage.
The quasit bites you but does no damage.
The quasit misses you.
The quasit claws you but does no damage.
Eustachio barely misses you.
Okay, then.
Okay, then.
You hit Eustachio but do no damage. You headbutt Eustachio.
Eustachio is moderately wounded.
You hit the shadow imp. You miss the quasit.
You die...

..#####................#
..'.<.#.(..............#
..#...#.......[........#
..#...#................#
..#...#......###'##....#
..#...#......#....#....#
#.##..#......#....#....#
#.##..#......#....#...(#
......#......#.5@.#....#
......'......#.5@.#....#
......#......#....#....#
......#......#....#....#
#######......######....#
######## ######


You could see Eustachio, a quasit (summoned) and a shadow imp (summoned).

Vanquished Creatures
  A crimson imp (D:3)
  A hound (D:4)
  Terence (D:3)
  An iguana (D:4)
  4 gnolls
  4 adders
  A white imp (D:3)
  3 worms
  4 dart slugs
  8 orcs
  6 ball pythons
  8 endoplasms
  6 giant cockroaches
  11 goblins
  10 hobgoblins
  4 jackals (D:4)
  5 kobolds
  6 quokkas
  14 bats
  3 frilled lizards
  7 rats
108 creatures vanquished.

Notes
Turn   | Place    | Note
-------+----------+-------------------------------------------
     0 | D:1      | Shayle the Demonspawn Reaver began the quest for the Orb.
     0 | D:1      | Reached XP level 1. HP: 16/16 MP: 3/3
    77 | D:1      | Gained mutation: You have a pair of small horns on your
                  | head. [demonic ancestry]
    77 | D:1      | Reached XP level 2. HP: 17/22 MP: 5/5
   178 | D:1      | Found a faded altar of an unknown god.
   215 | D:1      | Reached skill level 1 in Stealth
   435 | D:1      | Gained mutation: You are partially covered in large bone
                  | plates. (SH +4) [demonic ancestry]
   435 | D:1      | Reached XP level 3. HP: 24/28 MP: 6/6
   932 | D:2      | Found a basalt altar of Yredelemnul.
  1064 | D:2      | You fall into a shaft and drop 2 floors!
  1202 | D:4      | Found a staircase to the Ecumenical Temple.
  1284 | D:4      | Gained mutation: You are mostly covered in large bone
                  | plates. (SH +6) [demonic ancestry]
  1284 | D:4      | Reached XP level 4. HP: 24/34 MP: 7/7
  1439 | D:4      | HP: 1/35 [iguana (12)]
  1894 | D:3      | Reached XP level 5. HP: 39/41 MP: 8/8
  1910 | D:3      | Learned a level 3 spell: Hailstorm
  3341 | D:3      | Found Vimoor's Weapon Boutique.
  3367 | D:3      | Noticed Terence
  3376 | D:3      | Killed Terence
  3377 | D:3      | Reached XP level 6. HP: 33/47 MP: 9/9
  3545 | D:3      | Reached skill level 1 in Ice Magic
  3546 | D:3      | Found a radiant altar of Vehumet.
  3546 | D:3      | Found a burning altar of Makhleb.
  3935 | D:5      | Entered Level 5 of the Dungeon
  4206 | D:5      | Noticed Eustachio
  4215 | D:5      | HP: 2/47 [poisoned by Eustachio]
  4216 | D:5      | Succumbed to Eustachio's poison

Illustrated notes

Levels and vault maps discovered:
D:1:      dpeg_arrival_tiny_g, layout_basic, ebering_ecumenical_altar_abandoned
D:2:      layout_rooms, basic_altar, hex_tiny, minmay_three_crescents
D:3:      layout_basic, grunt_temple_overflow_lords_of_destruction,
          serial_shops, shop, minmay_circle_x, uniq_terence
D:4:      layout_loops_ring, temple_green, minivault_26
D:5:      layout_gridville, uniq_blork_the_orc, uniq_eustachio

Skill      XL: |  1  2  3  4  5  6 |
---------------+-------------------+-----
Dodging        | 2 3 |  3.1
Stealth        | 1 2 |  2.6
Axes           | 3 |  3.7
Fighting       | 3 |  3.5
Ice Magic      | 1 |  1.1
Spellcasting   | |  2.0
Conjurations   | |  3.5

Action                   |  1- 3 |  4- 6 || total
-------------------------+-------+-------++-------
Melee: Hand axe          |   144 |   112 ||   256
       Headbutt          |    24 |    54 ||    78
       Punch             |     1 |     1 ||     2
       Dagger            |       |   134 ||   134
       Broad axe         |       |     6 ||     6
 Cast: Kiss of Death     |     1 |       ||     1
  Use: Potion            |       |     3 ||     3
       Scroll            |       |    10 ||    10
 Stab: Sleeping          |     1 |     2 ||     3
Armor: Leather armour    |    38 |    82 ||   120
Dodge: Dodged            |    91 |   156 ||   247
Block: Other             |    16 |    55 ||    71
       Buckler           |       |    59 ||    59

Table legend: (Time is in decaauts)
 A = Elapsed time spent in this place.
 B = Non-inter-level travel time spent in this place.
 C = Inter-level travel time spent in this place.
 D = Time resting spent in this place.
 E = Time spent auto-exploring this place.
 F = Levels seen in this place.
 G = Mean time per level.
                   A        B        C        D        E       F      G
               +--------+--------+--------+--------+--------+-----+--------+
         Total |   4243 |   4105 |    138 |    626 |   2307 |   5 |  848.6 |
       Dungeon |   4243 |   4105 |    138 |    626 |   2307 |   5 |  848.6 |
               +--------+--------+--------+--------+--------+-----+--------+

Top non-repeatable levels by time:
     D:2: 1147 daAuts
     D:3: 1006 daAuts
     D:4: 933 daAuts
     D:1: 873 daAuts
     D:5: 282 daAuts
